 Dungeon Crawl Stone Soup version 0.18-b1-22-ge198996 (webtiles) character file.

427 Guinours the Bolt Thrower (level 6, 0/49 HPs)
             Began as a Centaur Hunter on May 4, 2016.
             Slain by a troll (8 damage)
             ... on level 4 of the Dungeon.
             The game lasted 00:29:46 (3513 turns).

Guinours the Bolt Thrower (Centaur Hunter)          Turns: 3513, Time: 00:29:46

Health: 0/49       AC:  7    Str: 15    XL:     6   Next: 65%
Magic:  15/15      EV: 10    Int: 15    God:    Xom [..*...]
Gold:   256        SH:  0    Dex: 11    Spells: 0 memorised, 5 levels left

rFire  . . .     SeeInvis .     a - +1 hand crossbow
rCold  . . .     Gourm    .     F - +0 leather armour
rNeg   . . .     Faith    .     (no shield)
rPois  .         Spirit   .     (no helmet)
rElec  .         Dismiss  .     s - +2 cloak {MR+}
rCorr  .         Reflect  .     (no gloves)
SustAt .         Harm     .     (no barding)
MR     +....                    (no amulet)
Stlth  +.........               (no ring)
                                x - ring of magical power

@: brilliant, confusing touch (expiring), very quick, somewhat resistant to
hostile enchantments, very unstealthy
A: hooves 3, deformed body, speed 2, tough skin 3
a: Renounce Religion


You were on level 4 of the Dungeon.
You worshipped Xom.
You were a toy of Xom.
You were hungry.

You visited 1 branch of the dungeon, and saw 4 of its levels.

You collected 256 gold pieces.

Inventory:

Hand Weapons
 a - a +1 hand crossbow (weapon)
 e - a +0 short sword
 h - a +0 spear
 o - a +0 rapier
 v - a +0 shortbow
 C - a +0 war axe
 G - a +0 flail
 I - a +0 giant spiked club
Missiles
 d - 37 bolts (quivered)
 i - 94 stones
 p - 66 sling bullets
 q - 93 arrows
Armour
 c - a +0 leather armour
 s - a +2 cloak of magic resistance (worn)
 w - a +0 chain mail
 F - a +0 leather armour (worn)
Jewellery
 x - a ring of magical power (left hand)
 z - an uncursed ring of magical power
 H - an uncursed ring of flight {unknown}
Scrolls
 b - a scroll of noise
 j - a scroll of identify
 l - 2 scrolls of blinking
 r - a scroll of fear
 u - a scroll of amnesia
 y - a scroll of teleportation
Potions
 m - 2 potions of lignification
 n - a potion of brilliance {unknown}
 t - a potion of agility {unknown}
 A - a potion of curing
 B - a potion of cure mutation {unknown}
 D - a potion of might
 E - 2 potions of mutation {unknown}
Comestibles
 f - 5 bread rations
 g - 2 fruits
 k - 2 meat rations


   Skills:
 + Level 2.3 Fighting
 + Level 0.1 Polearms
 + Level 7.6 Crossbows
 + Level 1.3 Armour
 + Level 2.2 Dodging
 + Level 1.2 Stealth


You had 5 spell levels left.
You didn't know any spells.

Dungeon Overview and Level Annotations

Branches:
Dungeon (4/15)
 Temple: D:4-7

Altars:
Fedhas
Xom


Innate Abilities, Weirdness & Mutations

You have hooves in place of feet.
Armour fits poorly on your strangely shaped body.
You cover ground very quickly.
You have extremely tough skin (AC +3).


Message History

Xom grants you a minor favour.
You feel clever all of a sudden. The troll bites you but does no damage.
The troll claws you! The troll claws you.
Firing (i - inventory. (,) - cycle):
d - 39 bolts (quivered)
Press: ? - help, Shift-Dir - straight line, f/p - troll
Aim: a troll (moderately wounded)
You shoot a bolt. The bolt hits the troll!
The troll is severely wounded.
The troll bites you! The troll claws you. The troll claws you!
* * * LOW HITPOINT WARNING * * *
Firing (i - inventory. (,) - cycle):
d - 38 bolts (quivered)
Press: ? - help, Shift-Dir - straight line, f/p - troll
Aim: a troll (heavily wounded)
You shoot a bolt. The bolt barely misses the troll.
Xom plays with reality for a moment.
Your hands begin to glow red.
The troll closely misses you. The troll claws you!
You die...
Xom laughs nastily!

###.##.........#_≈ .#
..##.........#, *.#
#............# +..#
#.##..##.....#,*#.#
....#...#.....#_≈#.#
## #>#.#.....####?#
,#.#.#......##..#####
,#.#................#
#<##.......@T†.....#
*#..##.###.(.(...#
*,*##. #.# #.......#
,* #. #.#
#........(.. ** #.#
#......(..... ,,,, *
#.# #......(....( ,*,
, *,..# #.......#####
*, * , #.......# ,
#########


You could see a troll.

Vanquished Creatures
  An ogre (D:4)
  A centaur (D:4)
  The ghost of pedritolo the Ruffian, a weakling VSTm (D:3)
  Jessica (D:2)
  An iguana (D:4)
  Natasha (D:3)
  Ijyb (D:3)
  5 adders
  2 oozes
  An adder skeleton (D:3)
  A dart slug (D:1)
  A giant gecko (D:3)
  2 orcs
  5 giant cockroaches
  6 goblins
  7 hobgoblins
  6 jackals (D:1)
  A ball python (D:2)
  11 bats
  5 giant newts
  A jackal skeleton (D:4)
  12 kobolds
  6 rats
  A bush (D:4)
80 creatures vanquished.

Notes
Turn   | Place    | Note
--------------------------------------------------------------
     0 | D:1      | Guinours the Centaur Hunter began the quest for the Orb.
     0 | D:1      | Reached XP level 1. HP: 17/17 MP: 1/1
   211 | D:1      | Reached XP level 2. HP: 23/24 MP: 2/2
   282 | D:1      | Reached skill level 5 in Crossbows
   825 | D:1      | Reached XP level 3. HP: 29/29 MP: 3/3
   969 | D:2      | Noticed Jessica
   979 | D:2      | Killed Jessica
   983 | D:2      | Reached XP level 4. HP: 30/36 MP: 4/4
  1709 | D:2      | Reached skill level 6 in Crossbows
  2408 | D:3      | Found a shimmering altar of Xom.
  2424 | D:3      | Noticed pedritolo's ghost (weakling VSTm)
  2430 | D:3      | Killed pedritolo's ghost
  2430 | D:3      | Reached XP level 5. HP: 37/41 MP: 5/5
  2506 | D:3      | Became a worshipper of Xom the Tricky
  2548 | D:3      | XOM: silly message
  2584 | D:3      | Noticed Ijyb
  2596 | D:3      | Killed Ijyb
  2651 | D:3      | Noticed Natasha
  2655 | D:3      | Killed Natasha
  3153 | D:4      | XOM: noise
  3158 | D:4      | Noticed a centaur
  3164 | D:4      | Killed a centaur
  3164 | D:4      | Reached skill level 7 in Crossbows
  3164 | D:4      | Reached skill level 1 in Armour
  3164 | D:4      | Reached skill level 1 in Stealth
  3164 | D:4      | Reached XP level 6. HP: 35/48 MP: 6/6
  3166 | D:4      | Found a blossoming altar of Fedhas.
  3386 | D:4      | XOM: divination: magic mapping
  3500 | D:4      | Noticed a troll
  3509 | D:4      | XOM: potion effect (brilliance)
  3513 | D:4      | XOM: cast spell 'Confusing Touch'
  3513 | D:4      | Slain by a troll

Skill      XL: |  1  2  3  4  5 |
---------------+----------------+-----
Crossbows      | 5 6 7 |  7.6
Dodging        | 2 |  2.2
Armour         | 1 |  1.3
Stealth        | 1 |  1.2
Fighting       | |  2.3
Polearms       | |  0.1

Action                   |  1- 3 |  4- 6 || total
-------------------------+-------+-------++-------
Melee: Spear             |       |     5 ||     5
       Kick              |       |    31 ||    31
       War axe           |       |    54 ||    54
 Fire: Hand crossbow     |    71 |   146 ||   217
Throw: Stone             |       |     4 ||     4
  Use: Scroll            |     6 |     2 ||     8
       Potion            |       |     3 ||     3
  Eat: Bread ration      |       |     1 ||     1
       Fruit             |       |     1 ||     1
Armor: Leather armour    |    27 |    44 ||    71
Dodge: Dodged            |    27 |    45 ||    72
